Little Stars vs Monarchs
Created - October 30, 2018 at 19:10
Goals
|
| Little Stars |
1 |
3 |
2 |
6 |
| Monarchs |
1 |
2 |
1 |
4 |
|
Shots
|
| Little Stars |
23 |
10 |
13 |
46 |
| Monarchs |
10 |
12 |
11 |
33 |
|
1st period
1. Little Stars , Mathieu Perreault 2 (Tyson Barrie 5, Dana Tyrell 4) at 4:14
2. Monarchs , Bo Horvat 3 (Connor Brown 6, Andre Burakovsky 9) at 17:31
Penalties :
Brian Boyle (MAN) for Tripping (Minor) at 2:02, Tucker Poolman (Tex) for Hooking (Minor) at 12:53
2nd period
3. Little Stars , Cam Atkinson 11 (Brian Flynn 11) at 2:30 (PP)
4. Little Stars , Dana Tyrell 2 (Jesse Joensuu 2) at 5:26
5. Monarchs , Viktor Arvidsson 5 (Josh Morrissey 1, Marko Dano 4) at 8:28
6. Little Stars , Scott Kosmachuck 2 (Alexander Vasyunov 1) at 10:44
7. Monarchs , Andre Burakovsky 4 (Connor Brown 7, Bo Horvat 3) at 15:24
Penalties :
Chris Thorburn (MAN) for Holding (Minor) at 2:27, Brian Flynn (Tex) for Holding (Minor) at 2:43
3rd period
8. Little Stars , Jesse Joensuu 5 (Dana Tyrell 5, Phil Oreskovic 3) at 10:43
9. Monarchs , James Sheppard 3 (Dennis Everberg 3, Shayne Gostisbehere 5) at 10:49
10. Little Stars , Zach Budish 2 (Dana Tyrell 6, Jesse Joensuu 3) at 17:58 (PP)
Penalties :
Jesse Joensuu (Tex) for Holding (Minor) at 3:14, Andrej Sustr (Tex) for Hooking (Minor) at 11:59, Shayne Gostisbehere (MAN) for Head-butting (Major / Game Misconduct) at 17:19
Goalie Stats
Peter Delmas (Tex), 29 saves from 33 shots - (0.879), W, 3-3-1, 60:00 minutes
Matt Murray (MAN), 40 saves from 46 shots - (0.870), L, 0-3-0, 60:00 minutes
Players Stats for Little Stars
Player Name G A P +/- PIM S H SB GA TA FO MP PP MP PK MP
------------------------------------------------------------------------------------
Alexander Vasyunov 0 1 1 2 0 3 0 0 0 0 0/0 10:00 0:00 0:00
Andrej Sustr 0 0 0 -2 2 0 2 0 0 1 0/0 25:03 2:42 3:18
Brian Flynn 0 1 1 -3 2 6 2 1 0 0 23/37 20:48 2:29 1:47
Cam Atkinson 1 0 1 -3 0 5 1 0 0 2 1/2 22:55 2:29 4:20
Dana Tyrell 1 3 4 2 0 6 1 0 1 3 9/11 19:09 2:06 2:28
Daniel O'regan 0 0 0 -1 0 0 1 0 0 0 2/2 6:54 0:00 0:20
Emile Poirier 0 0 0 0 0 0 0 0 0 0 0/0 0:07 0:07 0:00
Jason Dickinson 0 0 0 0 0 0 0 0 0 0 0/0 0:07 0:07 0:00
Jesse Joensuu 1 2 3 2 2 2 2 1 4 0 0/0 16:32 2:06 0:00
Jordie Benn 0 0 0 1 0 3 1 0 2 0 0/0 21:07 2:00 3:14
Justin Auger 0 0 0 -1 0 0 0 1 0 0 0/0 6:41 0:07 0:00
Mathieu Perreault 1 0 1 2 0 5 0 0 0 0 3/6 11:44 0:00 1:29
Michael Mersch 0 0 0 -1 0 3 0 0 0 0 0/0 7:49 0:00 1:08
Phil Oreskovic 0 1 1 -2 0 4 6 4 1 0 0/0 28:50 2:42 4:42
Reece Willcox 0 0 0 0 0 0 0 0 0 0 0/0 2:37 0:00 0:24
Scott Kosmachuck 1 0 1 2 0 1 0 0 1 1 0/0 10:00 0:00 0:00
Shawn Matthias 0 0 0 -3 0 2 2 1 3 2 4/7 22:55 2:29 4:20
Tucker Poolman 0 0 0 1 2 0 0 1 0 0 0/0 11:20 0:00 1:00
Tyler Wotherspoon 0 0 0 1 0 1 0 0 0 0 0/0 10:03 0:00 0:00
Tyson Barrie 0 1 1 1 0 3 1 0 1 1 0/0 21:07 2:00 3:14
Zach Budish 1 0 1 2 0 2 1 0 0 0 0/0 16:12 2:06 0:00
Players Stats for Monarchs
Player Name G A P +/- PIM S H SB GA TA FO MP PP MP PK MP
------------------------------------------------------------------------------------
Andre Burakovsky 1 1 2 0 0 2 0 1 1 1 1/1 17:23 3:59 0:00
Bo Horvat 1 1 2 0 0 1 5 0 1 0 3/12 17:23 3:59 0:00
Brian Boyle 0 0 0 -1 2 0 2 0 0 0 4/9 9:49 0:00 1:44
Chris Thorburn 0 0 0 0 2 1 2 0 0 1 0/1 9:21 0:00 1:34
Chris Tierney 0 0 0 1 0 1 1 0 0 2 4/12 20:28 3:18 2:52
Connor Brown 0 2 2 0 0 1 4 0 1 0 0/0 17:23 3:59 0:00
Dennis Everberg 0 1 1 0 0 2 2 0 0 1 0/2 14:09 0:00 1:05
Jake McCabe 0 0 0 -3 0 1 1 0 0 2 0/0 26:20 4:38 1:47
James Sheppard 1 0 1 0 0 3 2 0 1 0 1/2 14:21 0:05 1:05
Jonas Junland 0 0 0 2 0 4 0 0 0 0 0/0 16:58 0:00 2:34
Josh Morrissey 0 1 1 2 0 2 3 0 0 2 0/0 16:08 0:00 2:03
Keith Yandle 0 0 0 -4 0 0 2 1 0 0 0/0 19:02 0:00 2:08
Kenndal McArdle 0 0 0 0 0 1 0 0 1 0 0/0 8:33 0:00 0:45
Marko Dano 0 1 1 0 0 1 0 0 0 2 9/24 17:10 3:52 0:19
Morgan Rielly 0 0 0 2 0 1 3 0 0 0 0/0 16:24 3:18 0:16
Shayne Gostisbehere 0 1 1 1 15 4 3 0 2 2 0/0 20:17 4:38 0:36
Teuvo Teravainen 0 0 0 0 0 4 2 0 0 0 1/2 17:03 3:57 0:00
Viktor Arvidsson 1 0 1 0 0 4 0 0 3 0 0/0 17:03 3:57 0:00
3 Stars
1 - Dana Tyrell (Tex)
2 - Jesse Joensuu (Tex)
3 - Bo Horvat (MAN)
Power Play
Little Stars - 2 on 4 Attempt(s) - 50.00%
Monarchs - 0 on 4 Attempt(s) - 0.00%
Penalty Kill
Little Stars - 4 on 4 Attempt(s) - 100.00%
- Score 0 goal in Penalty Kill
Monarchs - 2 on 4 Attempt(s) - 50.00%
- Score 0 goal in Penalty Kill
Team Stat
Little Stars - Hits : 20 - Faceoff Wins : 42 - Blocked Shots : 9 - Penalty Minutes : 8
Monarchs - Hits : 32 - Faceoff Wins : 23 - Blocked Shots : 2 - Penalty Minutes : 19
Official
Referees : Unknown
Linesman : Unknown
Game Notes
8:28 of 2nd period - Monarchs goal is going for a video replay. After video review, Goal.
6:13 of 3rd period - Little Stars goal is going for a video replay. After video review, No Goal. The puck has been kicked using a distinct kicking motion.
Shayne Gostisbehere ejected from game at 17:19 of 3rd period
Finance
Level 1 -- Attendance: 1493 (74.65%) -- Ticket Income $59,720
Level 2 -- Attendance: 761 (76.10%) -- Ticket Income $15,220
Total Attendance: 2254 (75.13%)
Total Ticket Income: $74,940
Other Income: $3,747
Total Income: $78,687
Little Stars
5 vs 5 Forward
Center Left Wing Right Wing Time % Phy DF OF
1 Brian Flynn Shawn Matthias Cam Atkinson 40 1 2 2
2 Dana Tyrell Jesse Joensuu Zach Budish 30 1 2 2
3 Mathieu Perreault Alexander Vasyunov Scott Kosmachuck 20 1 2 2
4 Daniel O'regan Michael Mersch Justin Auger 10 1 2 2
5 vs 5 Defense
Defense Defense Time % Phy DF OF
1 Phil Oreskovic Andrej Sustr 40 1 2 2
2 Tyson Barrie Jordie Benn 30 1 2 2
3 Tyler Wotherspoon Tucker Poolman 20 1 2 2
4 Reece Willcox Phil Oreskovic 10 1 2 2
PowerPlay Forward
Center Left Wing Right Wing Time % Phy DF OF
1 Brian Flynn Shawn Matthias Cam Atkinson 60 1 2 2
2 Dana Tyrell Jesse Joensuu Zach Budish 40 1 2 2
PowerPlay Defense
Defense Defense Time % Phy DF OF
1 Phil Oreskovic Andrej Sustr 60 1 2 2
2 Tyson Barrie Jordie Benn 40 1 2 2
Penalty Kill 4 Players Forward
Center Wing Time % Phy DF OF
1 Shawn Matthias Cam Atkinson 60 1 2 2
2 Brian Flynn Dana Tyrell 40 1 2 2
Penalty Kill 4 Players Defense
Defense Defense Time % Phy DF OF
1 Phil Oreskovic Andrej Sustr 60 1 2 2
2 Tyson Barrie Jordie Benn 40 1 2 2
Penalty Kill - 3 Players Forward
Forward Time % Phy DF OF
1 Shawn Matthias 60 1 2 2
2 Cam Atkinson 40 1 2 2
Penalty Kill - 3 Players Defense
Defense Defense Time % Phy DF OF
1 Phil Oreskovic Andrej Sustr 60 1 2 2
2 Tyson Barrie Jordie Benn 40 1 2 2
4 vs 4 Forward
Center Wing Time % Phy DF OF
1 Shawn Matthias Cam Atkinson 60 1 2 2
2 Brian Flynn Dana Tyrell 40 1 2 2
4 vs 4 Defense
Defense Defense Time % Phy DF OF
1 Phil Oreskovic Andrej Sustr 60 1 2 2
2 Tyson Barrie Jordie Benn 40 1 2 2
Last Minutes Offensive
Center Left Wing Right Wing Defense Defense
Brian Flynn Shawn Matthias Cam Atkinson Phil Oreskovic Andrej Sustr
Last Minutes Defensive
Center Left Wing Right Wing Defense Defense
Brian Flynn Shawn Matthias Cam Atkinson Phil Oreskovic Andrej Sustr
Goaltenders
Starting : Peter Delmas
Backup : Anthony Stolarz
Extra Forwards
Normal : Emile Poirier, Jason Dickinson, Mathieu Perreault - PP : Emile Poirier, Jason Dickinson - PK : Mathieu Perreault
Extra Defensemen
Normal : Tyler Wotherspoon, Tucker Poolman, Reece Willcox - PP : Tyler Wotherspoon - PK : Tucker Poolman, Reece Willcox
Penalty Shots
Shawn Matthias, Cam Atkinson, Brian Flynn, Dana Tyrell, Jesse Joensuu
Scratches
Ville Pokka (Healthy), Spencer Martin (Healthy)
Monarchs
5 vs 5 Forward
Center Left Wing Right Wing Time % Phy DF OF
1 Marko Dano Teuvo Teravainen Viktor Arvidsson 30 1 1 3
2 Bo Horvat Andre Burakovsky Connor Brown 30 1 2 2
3 Chris Tierney James Sheppard Dennis Everberg 30 1 2 2
4 Brian Boyle Kenndal McArdle Chris Thorburn 10 1 2 2
5 vs 5 Defense
Defense Defense Time % Phy DF OF
1 Jake McCabe Keith Yandle 35 1 3 1
2 Jonas Junland Shayne Gostisbehere 30 1 3 1
3 Morgan Rielly Josh Morrissey 25 1 3 1
4 Jake McCabe Josh Morrissey 10 1 3 1
PowerPlay Forward
Center Left Wing Right Wing Time % Phy DF OF
1 Marko Dano Teuvo Teravainen Viktor Arvidsson 60 0 1 4
2 Bo Horvat Andre Burakovsky Connor Brown 40 0 1 4
PowerPlay Defense
Defense Defense Time % Phy DF OF
1 Shayne Gostisbehere Jake McCabe 60 0 2 3
2 Chris Tierney Morgan Rielly 40 0 2 3
Penalty Kill 4 Players Forward
Center Wing Time % Phy DF OF
1 Brian Boyle Chris Tierney 60 0 4 1
2 James Sheppard Dennis Everberg 40 0 4 1
Penalty Kill 4 Players Defense
Defense Defense Time % Phy DF OF
1 Jake McCabe Jonas Junland 60 0 5 0
2 Keith Yandle Shayne Gostisbehere 40 0 5 0
Penalty Kill - 3 Players Forward
Forward Time % Phy DF OF
1 Chris Tierney 60 1 4 0
2 James Sheppard 40 1 4 0
Penalty Kill - 3 Players Defense
Defense Defense Time % Phy DF OF
1 Jonas Junland Keith Yandle 60 0 5 0
2 Jake McCabe Shayne Gostisbehere 40 0 5 0
4 vs 4 Forward
Center Wing Time % Phy DF OF
1 Marko Dano Teuvo Teravainen 60 1 2 2
2 Connor Brown James Sheppard 40 1 2 2
4 vs 4 Defense
Defense Defense Time % Phy DF OF
1 Jonas Junland Shayne Gostisbehere 60 1 2 2
2 Jake McCabe Keith Yandle 40 1 2 2
Last Minutes Offensive
Center Left Wing Right Wing Defense Defense
Marko Dano Teuvo Teravainen Connor Brown Jake McCabe Shayne Gostisbehere
Last Minutes Defensive
Center Left Wing Right Wing Defense Defense
Chris Tierney James Sheppard Chris Thorburn Jake McCabe Shayne Gostisbehere
Goaltenders
Starting : Matt Murray
Backup : Anders Lindback
Extra Forwards
Normal : Marko Dano, Chris Tierney, Bo Horvat - PP : James Sheppard, Chris Thorburn - PK : Chris Thorburn
Extra Defensemen
Normal : Jake McCabe, Shayne Gostisbehere, Josh Morrissey - PP : Morgan Rielly - PK : Josh Morrissey, Morgan Rielly
Penalty Shots
Andre Burakovsky, Marko Dano, Viktor Arvidsson, Teuvo Teravainen, James Sheppard
Scratches
Christophe Lalancette (Healthy), Mike Hoffman (Healthy), Adam Tambellini (Healthy), Anton Cederholm (Healthy), Mitchell Moroz (Healthy)
Erik Condra (Healthy), Ryan White (Healthy), Anthony Peluso (Healthy), Jake Muzzin (Healthy), Tyler Beskorowany (Healthy)
% Time on Ice - Little Stars
Lines # - Real PCT - Wanted PCT - Time Play
Normal Forward
1 - 34% - 40% - 16:13
2 - 31% - 30% - 14:35
3 - 21% - 20% - 10:00
4 - 14% - 10% - 6:34
Normal Defense
1 - 41% - 40% - 19:13
2 - 34% - 30% - 15:53
3 - 21% - 20% - 10:03
4 - 5% - 10% - 2:13
PP Forward
1 - 55% - 60% - 2:36
2 - 45% - 40% - 2:06
PP Defense
1 - 57% - 60% - 2:42
2 - 43% - 40% - 2:00
PK Forward
1 - 69% - 60% - 5:28
2 - 31% - 40% - 2:28
PK Defense
1 - 59% - 60% - 4:42
2 - 41% - 40% - 3:14
PK3 Forward
1 - 0% - 60%
2 - 0% - 40%
PK3 Defense
1 - 0% - 60%
2 - 0% - 40%
44 Forward
1 - 0% - 60%
2 - 0% - 40%
44 Defense
1 - 0% - 60%
2 - 0% - 40%
Last Minute Offensive - 0:00
Last Minute Defensive - 0:00
Total
Forward - 60:00
Defense - 60:00
|
% Time on Ice - Monarchs
Lines # - Real PCT - Wanted PCT - Time Play
Normal Forward
1 - 28% - 30% - 13:06
2 - 28% - 30% - 13:24
3 - 28% - 30% - 13:04
4 - 16% - 10% - 7:48
Normal Defense
1 - 36% - 35% - 17:08
2 - 34% - 30% - 16:09
3 - 24% - 25% - 11:18
4 - 6% - 10% - 2:47
PP Forward
1 - 50% - 60% - 3:57
2 - 50% - 40% - 3:59
PP Defense
1 - 58% - 60% - 4:38
2 - 42% - 40% - 3:18
PK Forward
1 - 77% - 60% - 3:37
2 - 23% - 40% - 1:05
PK Defense
1 - 55% - 60% - 2:34
2 - 45% - 40% - 2:08
PK3 Forward
1 - 0% - 60%
2 - 0% - 40%
PK3 Defense
1 - 0% - 60%
2 - 0% - 40%
44 Forward
1 - 0% - 60%
2 - 0% - 40%
44 Defense
1 - 0% - 60%
2 - 0% - 40%
Last Minute Offensive - 0:00
Last Minute Defensive - 0:00
Total
Forward - 60:00
Defense - 60:00
|
Play by Play
1st period
0:01 of 1st period - Brian Flynn wins face-off versus Marko Dano in neutral zone.
0:04 of 1st period - Snap shot by Cam Atkinson.
0:04 of 1st period - Deflect By Brian Flynn.
0:04 of 1st period - Shot Blocked by Keith Yandle.
0:04 of 1st period - Puck is out of play.
0:05 of 1st period - Brian Flynn wins face-off versus Marko Dano in Monarchs zone.
0:16 of 1st period - Wrist shot by Teuvo Teravainen.
0:16 of 1st period - Stopped by Peter Delmas with a rebound.
0:34 of 1st period - Wrist shot by Dana Tyrell.
0:34 of 1st period - Stopped by Matt Murray with a rebound.
0:37 of 1st period - Icing by Jake McCabe.
0:38 of 1st period - Mathieu Perreault wins face-off versus Bo Horvat in Monarchs zone.
0:49 of 1st period - Slapshot by Connor Brown.
0:49 of 1st period - Shot Misses the Net.
1:04 of 1st period - Slapshot by Keith Yandle.
1:04 of 1st period - Shot Misses the Net.
1:50 of 1st period - Cam Atkinson is hit by Chris Thorburn.
2:02 of 1st period - Minor Penalty to Brian Boyle for Tripping.
2:03 of 1st period - Brian Flynn wins face-off versus Chris Thorburn in Monarchs zone.
2:28 of 1st period - Chris Thorburn is hit by Dana Tyrell.
2:49 of 1st period - Icing by Cam Atkinson.
2:50 of 1st period - James Sheppard wins face-off versus Cam Atkinson in Little Stars zone.
3:55 of 1st period - Dana Tyrell is hit by Chris Thorburn and loses puck.
4:02 of 1st period - Penalty to Brian Boyle is over, Brian Boyle is back on ice.
4:12 of 1st period - Slapshot by Tyson Barrie.
4:12 of 1st period - Stopped by Matt Murray with a rebound.
4:14 of 1st period - Slapshot by Tyson Barrie.
4:14 of 1st period - Deflect By Mathieu Perreault.
4:14 of 1st period - Goal by Mathieu Perreault - Little Stars : 1 - Monarchs : 0.
4:15 of 1st period - Brian Flynn wins face-off versus Dennis Everberg in neutral zone.
4:40 of 1st period - Phil Oreskovic is hit by Morgan Rielly and loses puck.
4:51 of 1st period - Snap shot by Marko Dano.
4:51 of 1st period - Stopped by Peter Delmas with a rebound.
5:09 of 1st period - Snap shot by Mathieu Perreault.
5:09 of 1st period - Shot Misses the Net.
5:11 of 1st period - Snap shot by Phil Oreskovic.
5:11 of 1st period - Stopped by Matt Murray with a rebound.
5:13 of 1st period - Snap shot by Mathieu Perreault.
5:13 of 1st period - Stopped by Matt Murray without a rebound.
5:14 of 1st period - Chris Tierney wins face-off versus Brian Flynn in Monarchs zone.
6:08 of 1st period - Snap shot by Connor Brown.
6:08 of 1st period - Stopped by Peter Delmas with a rebound.
6:26 of 1st period - Slapshot by Chris Thorburn.
6:26 of 1st period - Shot Blocked by Justin Auger.
7:22 of 1st period - Wrist shot by Alexander Vasyunov.
7:22 of 1st period - Stopped by Matt Murray with a rebound.
7:24 of 1st period - Slapshot by Phil Oreskovic.
7:24 of 1st period - Shot Blocked by Andre Burakovsky.
7:26 of 1st period - Slapshot by Phil Oreskovic.
7:26 of 1st period - Stopped by Matt Murray with a rebound.
7:28 of 1st period - Slapshot by Alexander Vasyunov.
7:28 of 1st period - Shot Misses the Net.
7:30 of 1st period - Wrist shot by Scott Kosmachuck.
7:30 of 1st period - Shot Misses the Net.
7:42 of 1st period - Daniel O'regan is hit by Keith Yandle and loses puck.
7:49 of 1st period - Slapshot by Tyson Barrie.
7:49 of 1st period - Stopped by Matt Murray with a rebound.
8:14 of 1st period - Brian Flynn is hit by Josh Morrissey and loses puck.
8:29 of 1st period - Zach Budish is hit by Josh Morrissey.
8:33 of 1st period - Dana Tyrell is hit by Keith Yandle and loses puck.
8:40 of 1st period - Slapshot by Viktor Arvidsson.
8:40 of 1st period - Shot Blocked by Tucker Poolman.
8:56 of 1st period - Tucker Poolman is hit by Connor Brown and loses puck.
9:31 of 1st period - Snap shot by Cam Atkinson.
9:31 of 1st period - Stopped by Matt Murray without a rebound.
9:32 of 1st period - Marko Dano wins face-off versus Brian Flynn in Monarchs zone.
9:59 of 1st period - Wrist shot by Brian Flynn.
9:59 of 1st period - Stopped by Matt Murray without a rebound.
10:00 of 1st period - Dana Tyrell wins face-off versus Chris Tierney in Monarchs zone.
10:07 of 1st period - Slapshot by Shayne Gostisbehere.
10:07 of 1st period - Stopped by Peter Delmas with a rebound.
10:09 of 1st period - Slapshot by Jonas Junland.
10:09 of 1st period - Stopped by Peter Delmas with a rebound.
10:11 of 1st period - Slapshot by Chris Tierney.
10:11 of 1st period - Shot Misses the Net.
10:13 of 1st period - Slapshot by Shayne Gostisbehere.
10:13 of 1st period - Stopped by Peter Delmas with a rebound.
10:15 of 1st period - Slapshot by Jonas Junland.
10:15 of 1st period - Shot Blocked by Phil Oreskovic.
10:17 of 1st period - Snap shot by Chris Tierney.
10:17 of 1st period - Stopped by Peter Delmas without a rebound.
10:18 of 1st period - Brian Flynn wins face-off versus Bo Horvat in Little Stars zone.
10:34 of 1st period - Off-side.
10:35 of 1st period - Dana Tyrell wins face-off versus Marko Dano in neutral zone.
10:45 of 1st period - Icing by Andrej Sustr.
10:46 of 1st period - Dana Tyrell wins face-off versus Marko Dano in Little Stars zone.
11:01 of 1st period - Snap shot by Dana Tyrell.
11:01 of 1st period - Stopped by Matt Murray with a rebound.
11:03 of 1st period - Backhand shot by Jesse Joensuu.
11:03 of 1st period - Stopped by Matt Murray without a rebound.
11:04 of 1st period - Brian Flynn wins face-off versus Bo Horvat in Monarchs zone.
11:13 of 1st period - Snap shot by Brian Flynn.
11:13 of 1st period - Stopped by Matt Murray with a rebound.
11:15 of 1st period - Snap shot by Brian Flynn.
11:15 of 1st period - Stopped by Matt Murray with a rebound.
11:29 of 1st period - Dana Tyrell is hit by Dennis Everberg and loses puck.
11:38 of 1st period - Backhand shot by Dennis Everberg.
11:38 of 1st period - Shot Blocked by Phil Oreskovic.
11:40 of 1st period - Slapshot by Jake McCabe.
11:40 of 1st period - Shot Misses the Net.
12:20 of 1st period - Snap shot by Connor Brown.
12:20 of 1st period - Shot Misses the Net.
12:53 of 1st period - Minor Penalty to Tucker Poolman for Hooking.
12:54 of 1st period - Shawn Matthias wins face-off versus Marko Dano in Little Stars zone.
13:27 of 1st period - Shawn Matthias is hit by Jake McCabe and loses puck.
14:24 of 1st period - Bo Horvat is hit by Cam Atkinson and loses puck.
14:35 of 1st period - Jake McCabe is hit by Brian Flynn.
14:53 of 1st period - Penalty to Tucker Poolman is over, Tucker Poolman is back on ice.
14:59 of 1st period - Wrist shot by Mathieu Perreault.
14:59 of 1st period - Stopped by Matt Murray without a rebound.
15:00 of 1st period - Dana Tyrell wins face-off versus Chris Tierney in Monarchs zone.
15:07 of 1st period - Wrist shot by Jesse Joensuu.
15:07 of 1st period - Shot Misses the Net.
15:09 of 1st period - Snap shot by Dana Tyrell.
15:09 of 1st period - Stopped by Matt Murray without a rebound.
15:10 of 1st period - Dana Tyrell wins face-off versus Dennis Everberg in Monarchs zone.
15:44 of 1st period - Slapshot by Tyler Wotherspoon.
15:44 of 1st period - Stopped by Matt Murray with a rebound.
16:18 of 1st period - Snap shot by Jesse Joensuu.
16:18 of 1st period - Shot Misses the Net.
16:20 of 1st period - Slapshot by Tyler Wotherspoon.
16:20 of 1st period - Shot Misses the Net.
16:22 of 1st period - Snap shot by Jesse Joensuu.
16:22 of 1st period - Deflect By Chris Tierney.
16:22 of 1st period - Shot Misses the Net.
16:22 of 1st period - Puck is out of play.
16:23 of 1st period - Marko Dano wins face-off versus Brian Flynn in Monarchs zone.
16:48 of 1st period - Jake McCabe is hit by Phil Oreskovic and loses puck.
17:09 of 1st period - Snap shot by Tyson Barrie.
17:09 of 1st period - Stopped by Matt Murray with a rebound.
17:11 of 1st period - Slapshot by Jordie Benn.
17:11 of 1st period - Stopped by Matt Murray with a rebound.
17:13 of 1st period - Slapshot by Jordie Benn.
17:13 of 1st period - Stopped by Matt Murray with a rebound.
17:15 of 1st period - Wrist shot by Michael Mersch.
17:15 of 1st period - Stopped by Matt Murray without a rebound.
17:16 of 1st period - Teuvo Teravainen wins face-off versus Brian Flynn in Monarchs zone.
17:27 of 1st period - Snap shot by Teuvo Teravainen.
17:27 of 1st period - Stopped by Peter Delmas with a rebound.
17:29 of 1st period - Wrist shot by Teuvo Teravainen.
17:29 of 1st period - Stopped by Peter Delmas without a rebound.
17:30 of 1st period - Andre Burakovsky wins face-off versus Brian Flynn in Little Stars zone.
17:31 of 1st period - Wrist shot by Connor Brown.
17:31 of 1st period - Deflect By Bo Horvat.
17:31 of 1st period - Goal by Bo Horvat - Little Stars : 1 - Monarchs : 1.
17:32 of 1st period - Marko Dano wins face-off versus Brian Flynn in neutral zone.
17:47 of 1st period - Teuvo Teravainen is hit by Andrej Sustr and loses puck.
17:58 of 1st period - Scott Kosmachuck is hit by Bo Horvat and loses puck.
18:25 of 1st period - Tyson Barrie is hit by Dennis Everberg.
18:45 of 1st period - Snap shot by Dana Tyrell.
18:45 of 1st period - Shot Misses the Net.
19:25 of 1st period - Slapshot by Jordie Benn.
19:25 of 1st period - Deflect By Andre Burakovsky.
19:25 of 1st period - Stopped by Matt Murray with a rebound.
19:27 of 1st period - Slapshot by Jordie Benn.
19:27 of 1st period - Deflect By Alexander Vasyunov.
19:27 of 1st period - Stopped by Matt Murray without a rebound.
19:28 of 1st period - Bo Horvat wins face-off versus Shawn Matthias in Monarchs zone.
19:51 of 1st period - Slapshot by Connor Brown.
19:51 of 1st period - Shot Blocked by Phil Oreskovic.
Goals for this period are 1 for Little Stars vs 1 for Monarchs .
Shots for this period are 23 for Little Stars vs 10 for Monarchs .
2nd period
0:01 of 2nd period - Marko Dano wins face-off versus Brian Flynn in neutral zone.
2:15 of 2nd period - Tyson Barrie is hit by Bo Horvat and loses puck.
2:27 of 2nd period - Minor Penalty to Chris Thorburn for Holding.
2:28 of 2nd period - Brian Flynn wins face-off versus Brian Boyle in Monarchs zone.
2:30 of 2nd period - Snap shot by Cam Atkinson.
2:30 of 2nd period - Goal by Cam Atkinson - Little Stars : 2 - Monarchs : 1.
2:31 of 2nd period - Marko Dano wins face-off versus Brian Flynn in neutral zone.
2:43 of 2nd period - Minor Penalty to Brian Flynn for Holding.
2:44 of 2nd period - Shawn Matthias wins face-off versus Teuvo Teravainen in Little Stars zone.
3:15 of 2nd period - Andre Burakovsky is hit by Tyson Barrie and loses puck.
3:40 of 2nd period - Jordie Benn is hit by Morgan Rielly and loses puck.
4:43 of 2nd period - Penalty to Brian Flynn is over, Brian Flynn is back on ice.
5:16 of 2nd period - Off-side.
5:17 of 2nd period - Brian Boyle wins face-off versus Dana Tyrell in neutral zone.
5:26 of 2nd period - Wrist shot by Dana Tyrell.
5:26 of 2nd period - Goal by Dana Tyrell - Little Stars : 3 - Monarchs : 1.
5:27 of 2nd period - Brian Flynn wins face-off versus Bo Horvat in neutral zone.
5:42 of 2nd period - Slapshot by Shawn Matthias.
5:42 of 2nd period - Stopped by Matt Murray with a rebound.
5:52 of 2nd period - Jonas Junland is hit by Phil Oreskovic and loses puck.
7:20 of 2nd period - Wrist shot by Teuvo Teravainen.
7:20 of 2nd period - Shot Misses the Net.
7:50 of 2nd period - Tyson Barrie is hit by Brian Boyle.
8:24 of 2nd period - Wrist shot by Viktor Arvidsson.
8:24 of 2nd period - Shot Misses the Net.
8:26 of 2nd period - Wrist shot by Marko Dano.
8:26 of 2nd period - Shot Misses the Net.
8:28 of 2nd period - Snap shot by Josh Morrissey.
8:28 of 2nd period - Deflect By Viktor Arvidsson.
8:28 of 2nd period - Monarchs goal is going for a video replay.
8:28 of 2nd period - The goal is good.
8:28 of 2nd period - Goal by Viktor Arvidsson - Little Stars : 3 - Monarchs : 2.
8:29 of 2nd period - Brian Flynn wins face-off versus Marko Dano in neutral zone.
9:43 of 2nd period - Icing by Tyler Wotherspoon.
9:44 of 2nd period - Daniel O'regan wins face-off versus Marko Dano in Little Stars zone.
9:55 of 2nd period - Snap shot by Michael Mersch.
9:55 of 2nd period - Stopped by Matt Murray without a rebound.
9:56 of 2nd period - Brian Flynn wins face-off versus Chris Tierney in Monarchs zone.
10:21 of 2nd period - Jesse Joensuu is hit by Teuvo Teravainen and loses puck.
10:44 of 2nd period - Snap shot by Scott Kosmachuck.
10:44 of 2nd period - Goal by Scott Kosmachuck - Little Stars : 4 - Monarchs : 2.
10:45 of 2nd period - Brian Flynn wins face-off versus Chris Tierney in neutral zone.
11:35 of 2nd period - Mathieu Perreault is hit by Bo Horvat and loses puck.
11:54 of 2nd period - Slapshot by Phil Oreskovic.
11:54 of 2nd period - Stopped by Matt Murray without a rebound.
11:55 of 2nd period - Daniel O'regan wins face-off versus James Sheppard in Monarchs zone.
11:58 of 2nd period - Snap shot by Daniel O'regan.
11:58 of 2nd period - Deflect By Michael Mersch.
11:58 of 2nd period - Stopped by Matt Murray with a rebound.
13:05 of 2nd period - Snap shot by Kenndal McArdle.
13:05 of 2nd period - Stopped by Peter Delmas with a rebound.
13:11 of 2nd period - Brian Boyle is hit by Phil Oreskovic.
13:40 of 2nd period - Dennis Everberg is hit by Daniel O'regan and loses puck.
13:55 of 2nd period - Snap shot by Cam Atkinson.
13:55 of 2nd period - Stopped by Matt Murray without a rebound.
13:56 of 2nd period - Cam Atkinson wins face-off versus Marko Dano in Monarchs zone.
14:43 of 2nd period - Wrist shot by Chris Thorburn.
14:43 of 2nd period - Stopped by Peter Delmas without a rebound.
14:44 of 2nd period - Brian Boyle wins face-off versus Mathieu Perreault in Little Stars zone.
14:56 of 2nd period - Icing by Jordie Benn.
14:57 of 2nd period - Mathieu Perreault wins face-off versus Marko Dano in Little Stars zone.
15:10 of 2nd period - Snap shot by Viktor Arvidsson.
15:10 of 2nd period - Stopped by Peter Delmas without a rebound.
15:11 of 2nd period - Brian Flynn wins face-off versus Bo Horvat in Little Stars zone.
15:24 of 2nd period - Wrist shot by Andre Burakovsky.
15:24 of 2nd period - Goal by Andre Burakovsky - Little Stars : 4 - Monarchs : 3.
15:25 of 2nd period - Brian Flynn wins face-off versus Marko Dano in neutral zone.
15:30 of 2nd period - Keith Yandle is hit by Shawn Matthias and loses puck.
15:53 of 2nd period - Dennis Everberg is hit by Phil Oreskovic and loses puck.
16:02 of 2nd period - Snap shot by Dennis Everberg.
16:02 of 2nd period - Shot Blocked by Jesse Joensuu.
16:04 of 2nd period - Snap shot by James Sheppard.
16:04 of 2nd period - Shot Misses the Net.
16:20 of 2nd period - Scott Kosmachuck is hit by Josh Morrissey.
16:26 of 2nd period - Andre Burakovsky is hit by Phil Oreskovic.
16:40 of 2nd period - Snap shot by Brian Boyle.
16:40 of 2nd period - Shot Misses the Net.
16:42 of 2nd period - Snap shot by Brian Boyle.
16:42 of 2nd period - Shot Misses the Net.
16:44 of 2nd period - Slapshot by Josh Morrissey.
16:44 of 2nd period - Stopped by Peter Delmas with a rebound.
16:56 of 2nd period - Michael Mersch is hit by Shayne Gostisbehere.
17:34 of 2nd period - Snap shot by Jonas Junland.
17:34 of 2nd period - Stopped by Peter Delmas with a rebound.
17:36 of 2nd period - Slapshot by Shayne Gostisbehere.
17:36 of 2nd period - Deflect By Jordie Benn.
17:36 of 2nd period - Stopped by Peter Delmas without a rebound.
17:37 of 2nd period - Brian Flynn wins face-off versus Chris Tierney in Little Stars zone.
18:02 of 2nd period - Jesse Joensuu is hit by Bo Horvat and loses puck.
18:39 of 2nd period - Wrist shot by Andre Burakovsky.
18:39 of 2nd period - Stopped by Peter Delmas without a rebound.
18:40 of 2nd period - Brian Flynn wins face-off versus Chris Tierney in Little Stars zone.
18:40 of 2nd period - Brian Flynn is hit by Chris Tierney.
19:17 of 2nd period - Icing by Jordie Benn.
19:18 of 2nd period - Dana Tyrell wins face-off versus Brian Boyle in Little Stars zone.
19:29 of 2nd period - Slapshot by Tyson Barrie.
19:29 of 2nd period - Deflect By Dana Tyrell.
19:29 of 2nd period - Stopped by Matt Murray without a rebound.
19:30 of 2nd period - Brian Flynn wins face-off versus Chris Tierney in Monarchs zone.
19:31 of 2nd period - Snap shot by Cam Atkinson.
19:31 of 2nd period - Stopped by Matt Murray with a rebound.
19:39 of 2nd period - Wrist shot by Dennis Everberg.
19:39 of 2nd period - Stopped by Peter Delmas with a rebound.
19:41 of 2nd period - Slapshot by Josh Morrissey.
19:41 of 2nd period - Stopped by Peter Delmas with a rebound.
19:43 of 2nd period - Snap shot by James Sheppard.
19:43 of 2nd period - Stopped by Peter Delmas with a rebound.
19:45 of 2nd period - Wrist shot by Chris Tierney.
19:45 of 2nd period - Shot Misses the Net.
19:57 of 2nd period - Andrej Sustr is hit by Connor Brown and loses puck.
Goals for this period are 3 for Little Stars vs 2 for Monarchs .
Shots for this period are 10 for Little Stars vs 12 for Monarchs .
3rd period
0:01 of 3rd period - Marko Dano wins face-off versus Shawn Matthias in neutral zone.
0:39 of 3rd period - Slapshot by Shayne Gostisbehere.
0:39 of 3rd period - Stopped by Peter Delmas without a rebound.
0:40 of 3rd period - Mathieu Perreault wins face-off versus Bo Horvat in Little Stars zone.
0:55 of 3rd period - Wrist shot by Mathieu Perreault.
0:55 of 3rd period - Stopped by Matt Murray with a rebound.
1:07 of 3rd period - Viktor Arvidsson is hit by Shawn Matthias and loses puck.
1:12 of 3rd period - Snap shot by Brian Flynn.
1:12 of 3rd period - Stopped by Matt Murray without a rebound.
1:13 of 3rd period - Brian Flynn wins face-off versus Chris Tierney in Monarchs zone.
1:20 of 3rd period - Slapshot by Morgan Rielly.
1:20 of 3rd period - Stopped by Peter Delmas without a rebound.
1:21 of 3rd period - Chris Tierney wins face-off versus Brian Flynn in Little Stars zone.
1:48 of 3rd period - Morgan Rielly is hit by Phil Oreskovic and loses puck.
1:53 of 3rd period - Snap shot by Dana Tyrell.
1:53 of 3rd period - Stopped by Matt Murray without a rebound.
1:54 of 3rd period - Dana Tyrell wins face-off versus Marko Dano in Monarchs zone.
2:05 of 3rd period - Snap shot by Dana Tyrell.
2:05 of 3rd period - Shot Misses the Net.
2:35 of 3rd period - Snap shot by Jake McCabe.
2:35 of 3rd period - Shot Blocked by Shawn Matthias.
2:37 of 3rd period - Wrist shot by Viktor Arvidsson.
2:37 of 3rd period - Deflect By Marko Dano.
2:37 of 3rd period - Shot Blocked by Brian Flynn.
2:37 of 3rd period - Puck is out of play.
2:38 of 3rd period - Bo Horvat wins face-off versus Brian Flynn in Little Stars zone.
2:39 of 3rd period - Snap shot by Connor Brown.
2:39 of 3rd period - Shot Misses the Net.
3:03 of 3rd period - Andrej Sustr is hit by James Sheppard.
3:14 of 3rd period - Minor Penalty to Jesse Joensuu for Holding.
3:15 of 3rd period - Shawn Matthias wins face-off versus Marko Dano in Little Stars zone.
3:29 of 3rd period - Phil Oreskovic is hit by Shayne Gostisbehere and loses puck.
3:40 of 3rd period - Andrej Sustr is hit by Shayne Gostisbehere and loses puck.
4:34 of 3rd period - Icing by Andre Burakovsky.
4:35 of 3rd period - Brian Flynn wins face-off versus Bo Horvat in Monarchs zone.
5:14 of 3rd period - Penalty to Jesse Joensuu is over, Jesse Joensuu is back on ice.
5:44 of 3rd period - Wrist shot by Alexander Vasyunov.
5:44 of 3rd period - Stopped by Matt Murray without a rebound.
5:45 of 3rd period - Bo Horvat wins face-off versus Mathieu Perreault in Monarchs zone.
5:50 of 3rd period - Alexander Vasyunov is hit by Morgan Rielly and loses puck.
6:11 of 3rd period - Slapshot by Scott Kosmachuck.
6:11 of 3rd period - Shot Misses the Net.
6:13 of 3rd period - Snap shot by Mathieu Perreault.
6:13 of 3rd period - Little Stars goal is going for a video replay.
6:13 of 3rd period - The goal is refused. The puck has been kicked using a distinct kicking motion..
6:14 of 3rd period - Brian Flynn wins face-off versus Marko Dano in Monarchs zone.
6:23 of 3rd period - Slapshot by Teuvo Teravainen.
6:23 of 3rd period - Stopped by Peter Delmas with a rebound.
6:25 of 3rd period - Slapshot by Jonas Junland.
6:25 of 3rd period - Stopped by Peter Delmas with a rebound.
6:27 of 3rd period - Wrist shot by Jonas Junland.
6:27 of 3rd period - Stopped by Peter Delmas without a rebound.
6:28 of 3rd period - Brian Flynn wins face-off versus Bo Horvat in Little Stars zone.
6:47 of 3rd period - Brian Flynn is hit by Bo Horvat and loses puck.
8:21 of 3rd period - Chris Tierney is hit by Jesse Joensuu and loses puck.
8:47 of 3rd period - Scott Kosmachuck is hit by Teuvo Teravainen and loses puck.
9:05 of 3rd period - Snap shot by Chris Thorburn.
9:05 of 3rd period - Shot Misses the Net.
9:15 of 3rd period - Shawn Matthias is hit by Brian Boyle and loses puck.
9:36 of 3rd period - Wrist shot by Michael Mersch.
9:36 of 3rd period - Shot Misses the Net.
9:48 of 3rd period - Wrist shot by Viktor Arvidsson.
9:48 of 3rd period - Stopped by Peter Delmas without a rebound.
9:49 of 3rd period - Marko Dano wins face-off versus Mathieu Perreault in Little Stars zone.
10:14 of 3rd period - Tucker Poolman is hit by James Sheppard and loses puck.
10:39 of 3rd period - Slapshot by Dana Tyrell.
10:39 of 3rd period - Shot Misses the Net.
10:41 of 3rd period - Slapshot by Phil Oreskovic.
10:41 of 3rd period - Stopped by Matt Murray with a rebound.
10:43 of 3rd period - Snap shot by Dana Tyrell.
10:43 of 3rd period - Deflect By Jesse Joensuu.
10:43 of 3rd period - Goal by Jesse Joensuu - Little Stars : 5 - Monarchs : 3.
10:44 of 3rd period - Chris Tierney wins face-off versus Brian Flynn in neutral zone.
10:49 of 3rd period - Slapshot by Dennis Everberg.
10:49 of 3rd period - Deflect By James Sheppard.
10:49 of 3rd period - Goal by James Sheppard - Little Stars : 5 - Monarchs : 4.
10:50 of 3rd period - Brian Flynn wins face-off versus Marko Dano in neutral zone.
11:16 of 3rd period - Dennis Everberg is hit by Jesse Joensuu and loses puck.
11:22 of 3rd period - Icing by Jonas Junland.
11:23 of 3rd period - Chris Tierney wins face-off versus Dana Tyrell in Monarchs zone.
11:23 of 3rd period - Chris Tierney is hit by Zach Budish.
11:37 of 3rd period - Snap shot by James Sheppard.
11:37 of 3rd period - Stopped by Peter Delmas with a rebound.
11:53 of 3rd period - Snap shot by Dennis Everberg.
11:53 of 3rd period - Stopped by Peter Delmas without a rebound.
11:54 of 3rd period - Marko Dano wins face-off versus Brian Flynn in Little Stars zone.
11:57 of 3rd period - Slapshot by Viktor Arvidsson.
11:57 of 3rd period - Stopped by Peter Delmas with a rebound.
11:59 of 3rd period - Minor Penalty to Andrej Sustr for Hooking.
12:00 of 3rd period - Shawn Matthias wins face-off versus Marko Dano in Little Stars zone.
12:09 of 3rd period - Snap shot by Shawn Matthias.
12:09 of 3rd period - Stopped by Matt Murray with a rebound.
12:11 of 3rd period - Slapshot by Shawn Matthias.
12:11 of 3rd period - Shot Misses the Net.
12:13 of 3rd period - Snap shot by Cam Atkinson.
12:13 of 3rd period - Stopped by Matt Murray with a rebound.
12:29 of 3rd period - Slapshot by Shayne Gostisbehere.
12:29 of 3rd period - Shot Blocked by Phil Oreskovic.
13:09 of 3rd period - Marko Dano is hit by Jordie Benn.
13:21 of 3rd period - Icing by Shayne Gostisbehere.
13:22 of 3rd period - Marko Dano wins face-off versus Shawn Matthias in Monarchs zone.
13:41 of 3rd period - Slapshot by Jake McCabe.
13:41 of 3rd period - Stopped by Peter Delmas without a rebound.
13:42 of 3rd period - Dana Tyrell wins face-off versus Bo Horvat in Little Stars zone.
13:42 of 3rd period - Dana Tyrell is hit by Connor Brown.
13:59 of 3rd period - Penalty to Andrej Sustr is over, Andrej Sustr is back on ice.
14:09 of 3rd period - Icing by Chris Tierney.
14:10 of 3rd period - Dana Tyrell wins face-off versus Brian Boyle in Monarchs zone.
14:22 of 3rd period - Icing by Kenndal McArdle.
14:23 of 3rd period - Brian Boyle wins face-off versus Brian Flynn in Monarchs zone.
14:48 of 3rd period - Jesse Joensuu is hit by Connor Brown and loses puck.
15:11 of 3rd period - Marko Dano is hit by Andrej Sustr and loses puck.
15:34 of 3rd period - Wrist shot by Brian Flynn.
15:34 of 3rd period - Stopped by Matt Murray with a rebound.
15:36 of 3rd period - Snap shot by Shawn Matthias.
15:36 of 3rd period - Shot Misses the Net.
17:13 of 3rd period - Slapshot by Brian Flynn.
17:13 of 3rd period - Stopped by Matt Murray with a rebound.
17:19 of 3rd period - Major / Game Misconduct Penalty to Shayne Gostisbehere for Head-butting.
17:19 of 3rd period - Shayne Gostisbehere is ejected from game.
17:20 of 3rd period - Brian Flynn wins face-off versus Brian Boyle in Monarchs zone.
17:37 of 3rd period - Keith Yandle is hit by Brian Flynn and loses puck.
17:56 of 3rd period - Wrist shot by Dana Tyrell.
17:56 of 3rd period - Deflect By Zach Budish.
17:56 of 3rd period - Stopped by Matt Murray with a rebound.
17:58 of 3rd period - Snap shot by Zach Budish.
17:58 of 3rd period - Goal by Zach Budish - Little Stars : 6 - Monarchs : 4.
17:59 of 3rd period - Brian Flynn wins face-off versus Brian Boyle in neutral zone.
18:01 of 3rd period - Off-side.
18:02 of 3rd period - Brian Boyle wins face-off versus Brian Flynn in neutral zone.
Goals for this period are 2 for Little Stars vs 1 for Monarchs .
Shots for this period are 13 for Little Stars vs 11 for Monarchs .
Back to the Top